Map: Dusk Towers

Players

Chris (MCanning)

  • Race: Protoss Protoss
  • League: Diamond

PiLiPiLi - Winner!

  • Race: Protoss Protoss
  • League: Master

VOD

Have the link to the VOD?

Description

Time

  • Played on: Nov. 11, 2015, 1:55 a.m.
  • Length: 17:37
Show
View Real Time Build Order
Export as new Build Order

Chris Protoss 

Build Orders: 1 Gate Expand, Blink Stalkers 

Get SALT Encoding   

  12  0:01  Probe (Chrono Boost)  
  13  0:12  Probe (Chrono Boost)  
  14  0:21  Pylon  
  14  0:23  Probe (Chrono Boost)  
  15  0:39  Probe (Chrono Boost)  
  16  0:43  Gateway  
  16  0:49  Probe (Chrono Boost)  
  17  0:55  Assimilator  
  17  1:00  Probe (Chrono Boost)  
  18  1:10  Probe (Chrono Boost)  
  19  1:20  Nexus  
  19  1:31  Cybernetics Core  
  19  1:35  Assimilator  
  20  1:40  Probe (Chrono Boost)  
  20  1:47  Pylon  
  20  1:50  Probe (Chrono Boost)  
  21  2:01  Probe (Chrono Boost)  
  22  2:12  Mothership Core (Chrono Boost), Adept  
  26  2:20  Warp Gate  
  26  2:26  Pylon  
  27  2:30  Probe (Chrono Boost)  
  27  2:34  Probe (Chrono Boost)  
  28  2:40  Probe (Chrono Boost)  
  29  2:44  Probe (Chrono Boost)  
  29  2:49  Twilight Council  
  29  2:51  Probe (Chrono Boost)  
  30  2:55  Probe (Chrono Boost)  
  31  3:01  Probe (Chrono Boost)  
  31  3:04  Sentry  
  34  3:16  Probe (Chrono Boost)  
  35  3:22  Probe (Chrono Boost)  
  35  3:23  Gateway  
  35  3:25  Gateway  
  37  3:27  Probe (Chrono Boost)  
  38  3:34  Probe (Chrono Boost)  
  38  3:37  Probe (Chrono Boost)  
  38  3:40  Robotics Facility  
  39  3:46  Blink  
  39  3:47  Probe (Chrono Boost)  
  40  3:54  Probe (Chrono Boost)  
  39  3:57  Pylon  
  39  3:58  Probe (Chrono Boost)  
  40  4:04  Probe (Chrono Boost)  
  40  4:08  Probe (Chrono Boost)  
  42  4:15  Probe (Chrono Boost)  
  42  4:16  Pylon  
  43  4:19  Probe (Chrono Boost)  
  44  4:25  Probe (Chrono Boost)  
  44  4:28  Observer (Chrono Boost)  
  44  4:29  Stalker x2  
  44  4:31  Stalker, Forge  
  50  4:32  Probe (Chrono Boost)  
  50  4:38  Assimilator  
  53  4:42  Assimilator  
  53  4:47  Probe  
  53  4:48  Observer (Chrono Boost)  
  53  4:49  Pylon  
  53  4:50  Pylon  
  55  4:53  Probe  
  56  5:03  Gateway, Protoss Ground Weapons Level 1 (Chrono Boost)  
  56  5:04  Gateway  
  56  5:05  Probe x2  
  56  5:24  Robotics Bay  
  56  5:28  Probe  
  57  5:36  Stalker  
  57  5:41  Immortal (Chrono Boost)  
  57  5:42  Nexus  
  59  5:44  Pylon  
  63  5:50  Pylon  
  63  5:56  Stalker x2  
  67  6:02  Probe  
  68  6:05  Probe  
  69  6:14  Probe, Disruptor, Photon Cannon  
  69  6:16  Photon Cannon  
  70  6:20  Probe  
  74  6:26  Probe  
  75  6:32  Gateway  
  75  6:34  Gateway  
  75  6:35  Gateway  
  75  6:39  Probe  
  76  6:40  Probe  
  77  6:51  Probe  
  77  6:52  Stalker x3, Probe, Disruptor  
  85  6:59  Probe  
  89  7:03  Probe  
  89  7:04  Probe  
  91  7:10  Dark Shrine  
  91  7:12  Protoss Ground Weapons Level 2 (Chrono Boost)  
  91  7:14  Adept  
  92  7:23  Disruptor  
  92  7:27  Gateway  
  92  7:29  Pylon  
  95  7:31  Pylon  
  95  7:34  Photon Cannon  
  95  7:37  Photon Cannon  
  95  7:38  Probe  
  96  7:47  Stalker x2  
  100  7:54  Stalker x2, Disruptor  
  104  8:00  Stalker  
  104  8:02  Pylon, Photon Cannon  
  109  8:06  Gateway  
  109  8:15  Stalker  
  109  8:16  Stalker  
  113  8:21  Probe  
  113  8:23  Stalker x2  
  113  8:24  Stalker  
  120  8:27  Assimilator  
  120  8:32  Assimilator  
  120  8:38  Disruptor  
  114  8:45  Zealot x3, Photon Cannon  
  114  8:46  Adept x3  
  129  8:49  Probe  
  129  8:52  Pylon  
  128  9:04  Adept x2  
  128  9:09  Pylon  
  132  9:11  Pylon  
  132  9:13  Pylon  
  132  9:14  Probe, Warp Prism  
  132  9:25  Stalker  
  133  9:32  Stalker x2  
  133  9:33  Stalker x2  
  141  9:40  Protoss Ground Weapons Level 3 (Chrono Boost), Probe  
  142  9:51  Dark Templar x2  
  146  9:54  Dark Templar  
  148  10:01  Probe  
  124  10:14  Probe  
  124  10:16  Disruptor  
  124  10:19  Probe  
  111  10:22  Stalker x2  
  111  10:23  Stalker x4  
  124  10:45  Dark Templar  
  124  10:46  Zealot x4  
  124  10:48  Disruptor  
  135  11:05  Templar Archives  
  135  11:06  Nexus  
  135  11:08  Pylon x2  
  135  11:10  Zealot  
  135  11:11  Dark Templar, Robotics Facility  
  139  11:19  Disruptor  
  140  11:31  Dark Templar x2  
  138  11:38  Photon Cannon  
  138  11:39  Photon Cannon  
  138  11:41  Zealot  
  138  11:42  Zealot x2  
  138  11:45  Probe  
  142  11:50  Dark Templar x2, Disruptor  
  138  11:58  Zealot x3  
  143  12:01  Warp Prism  
  143  12:03  Probe  
  146  12:15  Probe  
  145  12:21  Disruptor  
  139  12:23  Probe  
  139  12:26  High Templar  
  139  12:27  Zealot x3, High Templar  
  151  12:31  Photon Cannon, Archon  
  151  12:35  Photon Cannon  
  147  12:41  Assimilator  
  147  12:42  Probe  
  148  12:45  Protoss Ground Armor Level 1 (Chrono Boost), Photon Cannon  
  148  12:48  Assimilator  
  148  12:51  High Templar x2  
  150  13:02  Zealot x3, Archon  
  144  13:05  Zealot  
  144  13:06  Zealot x3  
  144  13:09  Zealot  
  138  13:15  Probe  
  128  13:21  Probe  
  128  13:25  Stalker  
  128  13:26  Stalker x4  
  133  13:27  Disruptor (Chrono Boost)  
  133  13:33  Probe  
  137  13:38  Disruptor (Chrono Boost)  
  140  13:45  Probe  
  137  14:00  Pylon  
  137  14:02  Disruptor (Chrono Boost)  
  140  14:04  High Templar x2  
  140  14:05  High Templar  
  140  14:07  High Templar  
  148  14:11  Archon  
  148  14:12  Archon  
  148  14:13  Zealot x3  
  148  14:14  Zealot x3  
  160  14:24  Pylon  
  163  14:31  Disruptor (Chrono Boost)  
  163  14:36  Pylon  
  161  14:41  Pylon  
  161  14:42  Stalker x3  
  167  14:47  Nexus  
  167  14:48  Pylon  
  167  14:49  Pylon  
  167  14:50  Disruptor (Chrono Boost)  
  144  15:02  Disruptor (Chrono Boost)  
  144  15:04  High Templar x2  
  144  15:05  Zealot x5  
  161  15:08  Archon  
  161  15:09  Archon  
  161  15:10  Zealot  
  161  15:11  Zealot  
  157  15:25  Disruptor (Chrono Boost)  
  158  15:31  Stalker  
  158  15:32  Stalker x4  
  158  15:39  Stalker  
  158  15:42  Disruptor (Chrono Boost)  
  114  16:05  Stalker x6  
  116  16:15  Probe  
  116  16:17  Photon Cannon  
  117  16:20  Photon Cannon  
  117  16:21  Disruptor (Chrono Boost)  
  117  16:24  Dark Templar  
  122  16:37  Disruptor (Chrono Boost)  
  122  16:39  Zealot x3  
  119  16:53  Disruptor (Chrono Boost)  
  118  16:57  Dark Templar  
  118  17:03  Probe  
  110  17:10  Zealot x5  
  79  17:29  Zealot x3  
Show
View Real Time Build Order
Export as new Build Order

PiLiPiLi Protoss - Winner!

Build Orders: 1 Gate Expand, Blink Stalkers, Zealot Archon 

Get SALT Encoding   

  12  0:02  Probe (Chrono Boost)  
  13  0:13  Pylon  
  13  0:17  Probe (Chrono Boost)  
  14  0:27  Probe (Chrono Boost)  
  15  0:34  Gateway  
  15  0:38  Probe (Chrono Boost)  
  16  0:45  Assimilator  
  16  0:48  Probe (Chrono Boost)  
  17  0:59  Probe (Chrono Boost)  
  18  1:10  Probe (Chrono Boost)  
  19  1:18  Nexus  
  19  1:21  Probe (Chrono Boost)  
  20  1:31  Cybernetics Core  
  20  1:34  Probe (Chrono Boost)  
  20  1:39  Assimilator  
  21  1:44  Probe (Chrono Boost)  
  22  1:50  Pylon  
  22  1:55  Probe (Chrono Boost)  
  23  2:08  Probe, Adept (Chrono Boost), Warp Gate (Chrono Boost)  
  26  2:20  Mothership Core (Chrono Boost)  
  28  2:30  Probe (Chrono Boost)  
  28  2:33  Stalker  
  31  2:40  Probe (Chrono Boost)  
  31  2:41  Probe (Chrono Boost)  
  33  2:48  Twilight Council  
  33  2:51  Probe x2 (Chrono Boost)  
  35  3:01  Gateway x2  
  35  3:02  Probe x2  
  37  3:15  Probe  
  37  3:16  Probe  
  39  3:25  Robotics Facility  
  39  3:26  Probe  
  39  3:28  Blink (Chrono Boost)  
  39  3:29  Probe  
  41  3:37  Probe  
  41  3:41  Probe  
  43  3:43  Pylon  
  43  3:47  Probe  
  43  3:53  Probe  
  43  3:58  Probe  
  43  4:00  Assimilator  
  44  4:04  Pylon, Assimilator  
  44  4:05  Probe  
  44  4:08  Probe  
  44  4:09  Stalker x2  
  49  4:14  Observer  
  51  4:17  Probe  
  51  4:19  Probe  
  51  4:22  Pylon  
  53  4:26  Stalker  
  53  4:29  Probe x2  
  57  4:35  Immortal (Chrono Boost)  
  61  4:44  Probe  
  62  4:45  Probe  
  62  4:48  Stalker x2  
  62  4:50  Stalker  
  69  4:53  Pylon  
  69  4:55  Pylon  
  69  5:06  Probe  
  70  5:12  Nexus  
  70  5:13  Immortal (Chrono Boost)  
  71  5:15  Probe (Chrono Boost)  
  71  5:18  Probe (Chrono Boost)  
  76  5:25  Forge  
  76  5:28  Probe (Chrono Boost)  
  77  5:32  Charge  
  76  5:37  Probe (Chrono Boost)  
  76  5:39  Pylon  
  76  5:40  Probe (Chrono Boost)  
  78  5:49  Probe (Chrono Boost)  
  79  5:52  Probe (Chrono Boost)  
  79  5:54  Templar Archives  
  79  5:55  Immortal  
  84  5:58  Pylon  
  84  6:00  Protoss Ground Weapons Level 1 (Chrono Boost)  
  84  6:01  Probe (Chrono Boost)  
  84  6:02  Adept  
  87  6:06  Probe (Chrono Boost)  
  88  6:12  Probe  
  89  6:19  Gateway x2  
  89  6:24  Probe, Gateway  
  89  6:25  Probe  
  91  6:30  Gateway  
  91  6:32  Gateway  
  91  6:35  Sentry  
  91  6:36  High Templar  
  91  6:37  High Templar  
  97  6:40  Warp Prism (Chrono Boost)  
  99  6:55  Gateway  
  99  7:01  Gateway  
  99  7:02  Archon  
  99  7:05  Gateway, Pylon  
  99  7:08  Pylon  
  99  7:15  Photon Cannon  
  99  7:16  Photon Cannon  
  99  7:19  Zealot  
  99  7:20  Zealot x2  
  103  7:25  Immortal (Chrono Boost)  
  103  7:29  Zealot x2  
  111  7:45  High Templar x3  
  111  7:46  High Templar  
  111  7:47  Zealot  
  111  7:48  Zealot  
  111  7:50  Photon Cannon  
  123  7:52  Archon x2  
  123  7:59  Protoss Ground Weapons Level 2 (Chrono Boost)  
  123  8:02  Observer  
  123  8:05  Zealot x4  
  130  8:10  Pylon  
  130  8:13  Pylon  
  130  8:15  Zealot, Pylon  
  130  8:16  Zealot x2  
  124  8:24  Zealot x4  
  124  8:25  Zealot x3  
  123  8:32  Assimilator  
  121  8:37  Assimilator  
  121  8:39  Stalker x4  
  121  8:44  Zealot x3  
  121  8:45  Zealot  
  129  8:57  Robotics Bay  
  129  8:59  Robotics Facility  
  109  9:38  Warp Prism (Chrono Boost)  
  105  9:41  High Templar x4  
  105  9:42  Zealot  
  105  9:43  Nexus, Zealot x6  
  105  9:45  Archon x2  
  127  9:55  Pylon  
  111  10:08  Zealot x3  
  111  10:09  Zealot x5  
  113  10:21  Protoss Ground Weapons Level 3, Zealot x3  
  101  10:25  Disruptor (Chrono Boost)  
  101  10:26  Disruptor (Chrono Boost)  
  113  10:44  High Templar, Photon Cannon  
  113  10:45  Zealot, High Templar x3  
  113  10:46  Zealot x4  
  113  10:48  Photon Cannon  
  131  10:51  Probe x2  
  131  10:54  Probe  
  131  10:55  Probe  
  131  10:56  Archon  
  131  10:57  Archon  
  135  11:03  Probe x2  
  137  11:04  Probe  
  137  11:07  Disruptor x2 (Chrono Boost)  
  144  11:11  Photon Cannon  
  144  11:16  Probe  
  144  11:17  Probe, Assimilator  
  146  11:22  Assimilator  
  146  11:25  Photon Cannon  
  146  11:26  Pylon  
  138  11:39  Zealot x2  
  142  11:40  Stalker x3  
  142  11:42  Observer (Chrono Boost)  
  142  11:43  Photon Cannon  
  136  11:54  Zealot x2  
  136  11:55  Zealot x3  
  136  11:57  Observer (Chrono Boost)  
  137  12:01  Zealot x3  
  137  12:05  Photon Cannon  
  137  12:07  Zealot  
  137  12:08  Zealot x2  
  135  12:14  Probe  
  134  12:19  Disruptor (Chrono Boost)  
  137  12:29  Zealot x2  
  140  12:30  Zealot x3  
  140  12:33  High Templar x4  
  152  12:44  Probe x3  
  155  12:45  Archon x2  
  155  12:46  Zealot x2  
  150  13:04  High Templar x4  
  150  13:05  Zealot x2  
  124  13:15  Zealot, Archon x2  
  124  13:16  Zealot x4  
  116  13:21  Disruptor (Chrono Boost)  
  116  13:23  Disruptor (Chrono Boost)  
  93  13:45  High Templar x4  
  93  13:46  Zealot x5  
  111  13:50  Zealot  
  111  13:51  Archon  
  111  13:53  Archon  
  111  13:54  Protoss Ground Armor Level 1  
  111  13:55  Disruptor (Chrono Boost)  
  116  14:05  Photon Cannon  
  119  14:10  Disruptor (Chrono Boost)  
  119  14:12  High Templar  
  119  14:13  High Templar  
  123  14:17  Archon  
  123  14:27  Stalker  
  123  14:28  Stalker x3  
  128  14:49  Zealot x4  
  128  14:50  Zealot x3  
  138  14:53  Stalker x2  
  138  14:59  Disruptor (Chrono Boost)  
  145  15:05  Disruptor (Chrono Boost)  
  148  15:11  High Templar  
  148  15:12  High Templar  
  128  15:30  Warp Prism (Chrono Boost)  
  123  15:37  Disruptor (Chrono Boost), Archon  
  123  15:38  High Templar x2  
  123  15:39  Zealot x5  
  123  15:41  Zealot  
  123  15:42  Zealot  
  144  15:47  Archon  
  101  16:07  Disruptor (Chrono Boost)  
  101  16:08  Disruptor (Chrono Boost)  
  101  16:09  Stalker  
  101  16:10  Stalker x4  
  111  16:14  Stalker  
  107  16:21  Zealot x3  
  107  16:22  Zealot  
  115  16:40  Zealot x7  
  129  16:58  Zealot x3  
  132  17:20  Stalker x2  
  130  17:23  Pylon  
  130  17:26  Pylon  
Tags
 
Add a new tag
Caveats
  • Supply blocks, unpowered buildings, or Contaminate may cause inaccurate times.
  • Supply counts are checked every 10 seconds.